 Dungeon Crawl Stone Soup version 0.26-a0-227-g1af32d979d (webtiles) character file.

Game seed: 8669161762704116943

124 BritishOli the Ducker (level 4, -11/34 HPs)
             Began as a Demonspawn Gladiator on July 7, 2020.
             Mangled by Crazy Yiuf
             ... wielding a +3 quarterstaff of chaos
              (14 damage)
             ... while paralysed by Crazy Yiuf
             ... on level 2 of the Dungeon.
             The game lasted 00:02:16 (2349 turns).

BritishOli the Ducker (Demonspawn Gladiator)        Turns: 2349, Time: 00:02:17

Health: -11/34     AC:  6    Str: 15    XL:     4   Next: 81%
Magic:  0/4        EV:  2    Int:  9    God:
Gold:   138        SH:  0    Dex: 15    Spells: 3/3 levels left

rFire    . . .     SeeInvis .   a - +0 long sword
rCold    . . .     Faith    .   (no shield)
rNeg     . . .     Spirit   .   n - +0 scale mail
rPois    .         Reflect  .   (helmet restricted)
rElec    .         Harm     .   (no cloak)
rCorr    .                      (no gloves)
MR       .....                  (no boots)
Stlth    ..........             (no amulet)
HPRegen  0.11/turn              h - ring of flight
MPRegen  0.09/turn              (no ring)

@: paralysed, slowed
A: claws 1, horns 1, talons 1
a: Evoke Flight


You were on level 2 of the Dungeon.
You were not hungry.

You visited 1 branch of the dungeon, and saw 2 of its levels.

You collected 138 gold pieces.

Inventory:

Hand Weapons
 a - a +0 long sword (weapon)
Missiles
 d - 3 throwing nets (quivered)
Armour
 b - a +0 leather armour
 c - a +0 helmet
 n - a +0 scale mail (worn)
Jewellery
 h - a ring of flight (left claw)
Scrolls
 e - 3 scrolls of identify {unknown}
 k - a scroll of enchant armour {unknown}
 l - a scroll of fog {unknown}
 m - a scroll of random uselessness {unknown}
Potions
 f - 2 potions of curing {unknown}
 g - 2 potions of degeneration {unknown}
 i - a potion of invisibility {unknown}
Comestibles
 j - 3 rations


   Skills:
 + Level 2.8 Fighting
 + Level 3.3 Long Blades
 + Level 2.5 Throwing
 + Level 1.5 Armour
 + Level 3.3 Dodging


You had 3 spell levels left.
You didn't know any spells.
Your spell library was empty.

Dungeon Overview and Level Annotations

Branches:
Dungeon (2/15)

Altars:
Dithmenos

Annotations:
D:2 Crazy Yiuf


Innate Abilities, Weirdness & Mutations

You have sharp fingernails.
You have a pair of small horns on your head.
You have sharp toenails.


Message History

You hit Crazy Yiuf.
Crazy Yiuf is moderately wounded.
Crazy Yiuf completely misses you.
You slash Crazy Yiuf!
Crazy Yiuf is almost dead.
Crazy Yiuf hits you with a +3 quarterstaff of chaos!
You feel your power leaking away.
You barely miss Crazy Yiuf.
Crazy Yiuf is almost dead.
Crazy Yiuf hits you with a +3 quarterstaff of chaos.
* * * LOW HITPOINT WARNING * * *
You feel yourself slow down.
You closely miss Crazy Yiuf.
Crazy Yiuf is almost dead.
Crazy Yiuf screams, "Rifle mumblescurry wrapper!"
Crazy Yiuf hits you with a +3 quarterstaff of chaos.
* * * LOW HITPOINT WARNING * * *
You suddenly lose the ability to move!
Crazy Yiuf hits you with a +3 quarterstaff of chaos!
You die...

#.### ###...######......# #.#.#
#..........#......# #.#.#
#.#........######.########
#.#.####.########## ##....#...
#.#......# #....#... #.#......#
#..÷..... #.#......# ###
♣♣##....#... #.#......# #)..#♣♣
♣♣P.......... #.#......#
#...g@♣♣♣♣.......#.### #........#
#...#♣..♣.P........... #........#
### ♣♣♣.♣.....(...### #...######
♣♣♣♣♣###....# #...#. #....###
#...#.# ##############.......
#...#.# #.#.........###.#####
#...#.# .#.#.............#....
#...#.#####.#.###.##........#....


You could see Crazy Yiuf.

Vanquished Creatures
  Jessica (D:2)
  Robin (D:1)
  An adder (D:2)
  3 oozes
  4 dart slugs
  7 giant cockroaches
  12 goblins
  5 hobgoblins
  2 jackals (D:1)
  7 bats
  4 frilled lizards
  8 kobolds
  3 rats
58 creatures vanquished.

Notes
Turn   | Place    | Note
-------+----------+-------------------------------------------
     0 | D:1      | BritishOli the Demonspawn Gladiator began the quest for the
                  | Orb.
     0 | D:1      | Reached XP level 1. HP: 16/16 MP: 1/1
   244 | D:1      | Gained mutation: You have sharp fingernails. [demonic
                  | ancestry]
   244 | D:1      | Reached XP level 2. HP: 22/22 MP: 2/2
   757 | D:1      | Gained mutation: You have sharp toenails. [demonic
                  | ancestry]
   757 | D:1      | Reached XP level 3. HP: 24/28 MP: 3/3
  1072 | D:1      | Reached skill level 1 in Armour
  1225 | D:2      | Noticed Robin
  1498 | D:1      | Killed Robin
  1504 | D:2      | Gained mutation: You have a pair of small horns on your
                  | head. [demonic ancestry]
  1504 | D:2      | Reached XP level 4. HP: 31/34 MP: 4/4
  1639 | D:2      | Found a shadowy altar of Dithmenos.
  1766 | D:2      | Noticed Jessica
  1771 | D:2      | Killed Jessica
  2301 | D:2      | Found a runed translucent door.
  2302 | D:2      | Noticed Crazy Yiuf
  2348 | D:2      | Paralysed by Crazy Yiuf for 6 turns
  2349 | D:2      | Mangled by Crazy Yiuf

Illustrated notes

Levels and vault maps discovered:
D:1:      tarquinn_simple_flora_water_e, layout_loops_corners
D:2:      layout_basic, old_standard_altar, uniq_jessica, uniq_robin,
          uniq_crazy_yiuf_cottage

Skill      XL: |  1  2  3 |
---------------+----------+-----
Throwing       | 2 |  2.5
Dodging        | 3 |  3.3
Long Blades    | 3 |  3.3
Armour         | 1 |  1.5
Fighting       | |  2.8

Action                   |  1- 3 |  4- 6 || total
-------------------------+-------+-------++-------
Melee: Long sword        |    95 |    33 ||   128
       Kick              |     8 |     8 ||    16
       Headbutt          |       |     6 ||     6
  Eat: Ration            |     1 |     1 ||     2
Armor: Leather armour    |    37 |     6 ||    43
       Scale mail        |       |     5 ||     5
Dodge: Dodged            |    81 |    19 ||   100
       Rpst.: Long sword |    21 |     5 ||    26

Table legend:
 A = Non-vault XP
 B = Vault XP
 C = Vault XP percentage of total XP
 D = Non-vault monster count
 E = Vault monster count
 F = Vault count percentage of total count
                 A         B        C        D         E       F
            +---------+---------+-------+---------+---------+-------
      Total |     107 |      71 |  39.9 |      46 |      12 |  20.7
            +---------+---------+-------+---------+---------+-------
        D:1 |      59 |      19 |  24.4 |      28 |       3 |   9.7
        D:2 |      48 |      52 |  52.0 |      18 |       9 |  33.3
            +---------+---------+-------+---------+---------+-------
